AoeStats
← eyupfc

Arena

510613057Analyzed
4v4 RM · 10h ago on Oct 1, 2026· 51m 44s· 8 players
Game mode
Random Map
Map size
Large (8 player)
Population
200
Speed
Normal
Resources
Standard
Victory
Conquest
Starting age
Dark Age
Ending age
Imperial Age
RankedLock teamsTeams togetherTeam positionsShared explorationLock speedFull tech treeHidden civsTurbo modeCheats
Victory
Defeat
🇹🇷 Burmese · Türkiye
1292
+14
🇹🇷 Turks · Türkiye
1225
+16
🇧🇷 Gurjaras · Brazil
1176
+18
🇹🇷 Danes · Türkiye
1161
+19
🇲🇽 Celts · Mexico
1351
-21
🇳🇱 Italians · Netherlands
1263
-18
🇲🇽 Muisca · Mexico
1260
-18
🇲🇽 Japanese · Mexico
1053
-10
El Cachorro
2:49 Loom
10:25 Feudal Age
14:06 Castle Age
12:03 Double-Bit Axe
13:36 Horse Collar
24:10 Heavy Plow
24:26 Bow Saw
28:07 Imperial Age
25:45 Scale Mail Armor
26:41 Chain Mail Armor
26:29 Squires
26:35 Gold Mining
27:08 Forging
28:48 Iron Casting
29:35 Fletching
29:54 Padded Archer Armor
30:56 Chemistry
30:01 Crossbowman
31:49 Bodkin Arrow
31:42 Arbalester
32:53 Ballistics
34:54 Bracer
36:58 Leather Archer Armor
37:58 Gold Shaft Mining
38:25 Two-Man Saw
37:56 Crop Rotation
39:42 Plate Mail Armor
40:12 Thumb Ring
43:07 Stone Mining
44:51 Elite Temple Guard
47:24 Stone Shaft Mining
Santo Cipriano
0:53 Loom
11:55 Feudal Age
12:23 Double-Bit Axe
13:10 Gold Mining
18:23 Castle Age
18:31 Pikeman
24:13 Bow Saw
23:45 Horse Collar
24:58 Heavy Plow
27:53 Thumb Ring
28:26 Padded Archer Armor
29:28 Wheelbarrow
29:36 Gold Shaft Mining
28:53 Stone Mining
29:42 Leather Archer Armor
29:19 Fletching
30:57 Scale Mail Armor
32:36 Hand Cart
32:34 Bodkin Arrow
51:19 Yasama
Claudia Sheinbaum
10:07 Feudal Age
13:48 Castle Age
12:18 Double-Bit Axe
12:24 Gold Mining
13:02 Horse Collar
14:50 Bow Saw
21:58 Town Watch
29:33 Imperial Age
27:27 Loom
28:24 Wheelbarrow
30:03 Heavy Plow
31:51 Chemistry
31:45 Scale Mail Armor
31:56 Forging
32:40 Ballistics
32:04 Pikeman
32:24 Heavy Scorpion
34:02 Siege Engineers
33:40 Halberdier
35:11 Chain Mail Armor
35:33 Iron Casting
37:29 Gold Shaft Mining
37:39 Stone Mining
37:23 Capped Ram
38:38 Siege Ram
39:14 Fletching
39:55 Plate Mail Armor
39:36 Murder Holes
44:30 Conscription
44:28 Furor Celtica
49:48 Hand Cart
51:29 Blast Furnace
50:24 Bodkin Arrow
50:43 Masonry
OomAngel
4:02 Loom
11:33 Feudal Age
19:43 Castle Age
17:40 Fletching
17:49 Double-Bit Axe
18:19 Horse Collar
19:23 Padded Archer Armor
19:47 Crossbowman
20:52 Bow Saw
21:57 Squires
26:28 Careening
28:05 Ballistics
27:26 Treadmill Crane
27:57 Masonry
29:20 Thumb Ring
30:50 Elite Skirmisher
32:56 Wheelbarrow
40:14 Hand Cart
40:38 Ballistics
44:12 Imperial Age
42:45 Murder Holes
43:01 Masonry
43:02 Fortified Wall
43:04 Masonry
42:35 Treadmill Crane
42:46 Guard Tower
44:43 Silk Road
46:59 Conscription
46:03 Onager
49:08 Keep
49:03 Architecture
49:48 Bodkin Arrow
50:08 Leather Archer Armor
isik.cemil
12:49 Feudal Age
11:30 Loom
17:10 Castle Age
15:23 Double-Bit Axe
15:19 Horse Collar
15:35 Gold Mining
21:32 Imperial Age
21:11 Heavy Plow
21:30 Bow Saw
25:00 Fletching
KingMoonborn
10:35 Feudal Age
15:45 Castle Age
15:09 Horse Collar
25:27 Padded Archer Armor
26:21 Manipur Cavalry
32:37 Bloodlines
37:42 Imperial Age
36:55 Elite Skirmisher
39:43 Wheelbarrow
38:53 Loom
39:47 Conscription
41:08 Fletching
41:40 Ballistics
42:26 Chemistry
41:46 Town Watch
42:17 Bodkin Arrow
44:37 Bracer
46:42 Murder Holes
47:37 Elite Arambai
49:07 Careening
49:10 Masonry
eyupfc
11:01 Feudal Age
12:27 Double-Bit Axe
12:22 Horse Collar
15:08 Castle Age
16:29 Bow Saw
16:14 Gold Mining
18:11 Loom
21:21 Gold Shaft Mining
24:47 Forging
28:22 Wheelbarrow
28:09 Heavy Plow
28:17 Scale Mail Armor
30:19 Squires
30:05 Arson
30:35 Gambesons
32:17 Chain Mail Armor
32:43 Hamask
35:02 Iron Casting
36:52 Fletching
39:57 Imperial Age
41:06 Conscription
40:07 Elite Jomsviking
41:24 Stone Mining
43:15 Plate Mail Armor
44:30 Stone Shaft Mining
44:57 Blast Furnace
43:52 Bodkin Arrow
44:14 Elite Varangian Guard
46:17 Bracer
49:34 Hand Cart
49:04 Town Watch
48:53 Capped Ram
dionathanbh
5:08 Loom
10:34 Feudal Age
14:12 Castle Age
13:15 Double-Bit Axe
22:56 Stone Mining
23:38 Horse Collar
24:17 Bow Saw
24:49 Wheelbarrow
25:44 Light Cavalry
26:35 Scale Barding Armor
27:28 Kshatriyas
27:48 Gold Mining
28:50 Bloodlines
28:41 Husbandry
31:52 Imperial Age
29:49 Husbandry
31:34 Gold Shaft Mining
31:34 Stone Shaft Mining
31:51 Forging
31:42 Scale Mail Armor
32:01 Elite Chakram Thrower
33:01 Conscription
33:22 Hand Cart
33:58 Hussar
35:19 Iron Casting
35:00 Chain Mail Armor
35:05 Chain Barding Armor
41:37 Plate Mail Armor
41:43 Plate Barding Armor
Connection lost

Rejoining the realm…

Still unreachable

The connection could not be restored.

Session expired

The server has moved on; the page needs a fresh start.